 Dungeon Crawl Stone Soup version 0.19-a0-1468-ge013c26 (webtiles) character file.

676 jacquesderrida the Summoner (level 7, -4/48 HPs)
             Began as a Demonspawn Summoner on Sept 7, 2016.
             Killed from afar by an electric eel (11 damage)
             ... with a bolt of electricity
             ... on level 9 of the Dungeon.
             The game lasted 00:17:30 (2870 turns).

jacquesderrida the Summoner (Demonspawn Summoner)   Turns: 2870, Time: 00:17:31

Health: -4/48      AC:  5    Str:  7 (9)  XL:     7   Next: 33%
Magic:  7/10       EV: 14    Int: 15 (18) God:
Gold:   195        SH:  0    Dex: 13 (15) Spells: 4 memorised, 0 levels left

rFire  + + .     SeeInvis .     x - +3 quarterstaff (chaos)
rCold  . . .     Gourm    .     d - +1 leather armour {rF+}
rNeg   . . .     Faith    .     (shield currently unavailable)
rPois  +         Spirit   .     (no helmet)
rElec  .         Dismiss  .     y - +0 cloak
rCorr  .         Reflect  .     (no gloves)
MR     .....     Harm     .     (no boots)
Stlth  +.........               (no amulet)
                                t - ring of poison resistance
                                B - +2 ring of dexterity

@: no status effects
A: hooves 1, repulsion field 2, fire resistance 1
a: no special abilities


You were on level 9 of the Dungeon.
You were near starving.

You visited 2 branches of the dungeon, and saw 10 of its levels.

You collected 195 gold pieces.

Inventory:

Hand Weapons
 a - a +0 scimitar
 e - a +0 trident
 m - a +0 blowgun
 s - a +0 dire flail
 x - a +3 quarterstaff of chaos (weapon)
 F - a +0 long sword
 I - a +0 broad axe
Missiles
 q - 130 stones (quivered)
 u - 15 poisoned needles
 v - 4 tomahawks
Armour
 d - a +1 leather armour of fire resistance (worn)
 y - a +0 cloak (worn)
 A - the +5 ring mail of Pride {rElec Str+4, unknown}
   (You found it on level 6 of the Dungeon)

   It affects your strength (+4).
   It insulates you from electricity.
Jewellery
 t - a ring of poison resistance (right hand)
 B - a +2 ring of dexterity (left hand)
Wands
 o - a wand of disintegration (9/24)
 w - a wand of teleportation (4/9)
 z - a wand of confusion (39/48)
 G - a wand of confusion (30/48)
 H - a wand of paralysis (7/24)
Scrolls
 h - 2 scrolls of teleportation {unknown}
 i - a scroll of immolation {unknown}
 j - a scroll of blinking {unknown}
 k - 8 scrolls of remove curse {unknown}
 l - a scroll of fog {unknown}
 n - a scroll of random uselessness {unknown}
 p - a scroll of enchant armour {unknown}
 r - 7 scrolls of identify {unknown}
 D - a scroll of enchant weapon {unknown}
Potions
 C - 2 potions of brilliance
 E - a potion of invisibility {unknown}
Books
 b - a book of Callings

   Spells                             Type                      Level
   a - Summon Small Mammal            Summoning                    1
   b - Call Imp                       Summoning                    2
   c - Call Canine Familiar           Summoning                    3
   d - Summon Guardian Golem          Hexes/Summoning              3
   e - Summon Lightning Spire         Summoning/Air                4
   f - Summon Ice Beast               Ice/Summoning                4
Comestibles
 c - 3 bread rations
 f - a beef jerky
 g - a meat ration


   Skills:
 + Level 1.2 Fighting
 - Level 1.7 Dodging
 - Level 1.7 Stealth
 - Level 2.0 Spellcasting
 - Level 8.8 Summonings
 + Level 1.1 Air Magic


You couldn't memorise any spells.
You knew the following spells:

 Your Spells              Type           Power        Failure   Level  Hunger
a - Summon Small Mammal   Summ           ####         1%          1    #......
b - Call Imp              Summ           ####....     1%          2    ###....
c - Call Canine Familiar  Summ           ####....     2%          3    ###....
d - Summon Lightning Spi  Summ/Air       ###.....     54%         4    #####..


Dungeon Overview and Level Annotations

Branches:
Dungeon (9/15)             Temple (1/1) D:6
   Lair: D:8-11         Orc: D:9-12

Altars:
Cheibriados
Dithmenos
Elyvilon
Fedhas
Hepliaklqana
Makhleb
Okawaru
Qazlal
Ru
Trog
Uskayaw
Vehumet
Xom
Yredelemnul
Zin
The Shining One
Jiyva

Annotations:
D:3 stickyfingers's ghost, amateur HOMo


Innate Abilities, Weirdness & Mutations

You have large cloven feet.
You are surrounded by a moderate repulsion field. (EV +3)
Your flesh is heat resistant. (rF+)


Message History

H - a wand of paralysis The orc priest shouts!
Your hound disappears in a puff of smoke!
An orc priest opens the door.
You see here a broad axe.
I - a broad axe An electric eel comes into view.
The electric eel shoots out a bolt of lightning at you!
The bolt of electricity hits you!
* * * LOW HITPOINT WARNING * * *
Casting: Call Canine Familiar
Confirm with . or Enter, or press ? or * to list all spells.
You are near starving!
The electric eel shoots out a bolt of lightning at you!
The bolt of electricity hits you!
* * * LOW HITPOINT WARNING * * *
You closely miss the electric eel.
The electric eel shoots out a bolt of lightning at you!
The bolt of electricity hits you!
You die...

≈
'#####################≈≈
≈≈≈≈≈≈≈≈≈≈≈≈≈≈≈≈≈≈≈≈≈≈≈≈
≈≈≈≈≈≈≈≈≈≈≈≈≈≈≈≈≈;≈≈≈≈≈≈
................@.......
#.#######...#####.h#####
##........## #####.####
##. #.# #.. #####.#####
####.#### ###.........#
#.......# #....>......#
#.......###
#..#.....<...#
#..........


You could see an electric eel and a friendly hound.

Vanquished Creatures
  An orc warrior (D:6)
  2 ice beasts
  A centaur zombie (D:5)
  3 orc wizards
  A giant frog skeleton (D:6)
  3 hound skeletons
  An adder (D:6)
  An ooze (D:7)
  A giant gecko (D:6)
  7 orcs
  A giant cockroach (D:6)
  2 goblins (D:2)
  A quokka (D:6)
  A ball python (D:2)
  2 bats (D:2)
  2 giant newts
  3 kobolds
  A quokka skeleton (D:8)
  2 rats (D:2)
36 creatures vanquished.

Vanquished Creatures (collateral kills)
  An ice beast (D:6)
  A centaur zombie (D:6)
  Crazy Yiuf (D:4)
  A hound (D:4)
  A jelly (D:9)
  2 orc wizards
  2 worker ants
  5 adders
  A worm (D:2)
  A dart slug (D:2)
  A giant gecko (D:4)
  6 orcs
  3 giant cockroaches
  4 hobgoblins
  3 jackals (D:4)
  A ball python (D:2)
  A bat (D:2)
  A giant newt (D:2)
  3 goblins
  A jackal zombie (D:7)
  3 kobolds
  A rat (D:1)
44 creatures vanquished.

Grand Total: 80 creatures vanquished

Notes
Turn   | Place    | Note
-------+----------+-------------------------------------------
     0 | D:1      | jacquesderrida the Demonspawn Summoner began the quest for the Orb.
     0 | D:1      | Reached XP level 1. HP: 13/13 MP: 3/3
   260 | D:2      | Found a basalt altar of Yredelemnul.
   334 | D:2      | Gained mutation: You are surrounded by a mild repulsion field. (EV +2) [demonic ancestry]
   334 | D:2      | Reached XP level 2. HP: 8/19 MP: 0/5
   422 | D:2      | Found a snail-covered altar of Cheibriados.
   530 | D:2      | Found a white marble altar of Elyvilon.
   646 | D:2      | Reached skill level 5 in Summonings
   651 | D:2      | Gained mutation: You have large cloven feet. [demonic ancestry]
   651 | D:2      | Reached XP level 3. HP: 9/24 MP: 6/6
   855 | D:3      | Found a shimmering altar of Xom.
   869 | D:3      | Noticed stickyfingers's ghost (amateur HOMo)
   916 | D:3      | Learned a level 3 spell: Call Canine Familiar
  1055 | D:3      | Found a glowing golden altar of the Shining One.
  1179 | D:4      | Found a runed door.
  1184 | D:4      | Noticed Crazy Yiuf
  1193 | D:4      | Killed Crazy Yiuf
  1338 | D:4      | Gained mutation: You are surrounded by a moderate repulsion field. (EV +3) [demonic ancestry]
  1338 | D:4      | Reached XP level 4. HP: 14/30 MP: 4/7
  1357 | D:4      | Learned a level 2 spell: Call Imp
  1379 | D:5      | Entered Level 5 of the Dungeon
  1409 | D:5      | Reached skill level 6 in Summonings
  1440 | D:5      | Reached XP level 5. HP: 22/35 MP: 3/8
  1674 | D:6      | Reached skill level 7 in Summonings
  1679 | D:6      | Found a staircase to the Ecumenical Temple.
  1686 | Temple   | Entered the Ecumenical Temple
  1794 | D:6      | Got a transparent ring mail
  1799 | D:6      | Found a glowing silver altar of Zin.
  1894 | D:6      | Noticed an ice beast
  1902 | D:6      | Killed an ice beast
  1902 | D:6      | Gained mutation: Your flesh is heat resistant. (rF+) [demonic ancestry]
  1902 | D:6      | Reached XP level 6. HP: 41/41 MP: 5/9
  2025 | D:6      | Noticed an orc warrior
  2065 | D:6      | Killed an orc warrior
  2065 | D:6      | Reached skill level 8 in Summonings
  2158 | D:6      | Noticed an ice beast
  2198 | D:6      | Killed an ice beast
  2296 | D:7      | Reached XP level 7. HP: 13/46 MP: 10/10
  2399 | D:7      | Found a radiant altar of Vehumet.
  2402 | D:7      | HP: 2/46 [centaur/arrow (14)]
  2408 | D:7      | HP: 2/69 [centaur (2)]
  2683 | D:8      | Learned a level 4 spell: Summon Lightning Spire
  2734 | D:8      | Reached skill level 1 in Fighting
  2734 | D:8      | Reached skill level 1 in Air Magic
  2870 | D:9      | Killed from afar by an electric eel

Vault maps used:
D:1:      roderic_dead_forest, minmay_misc_feat_iff, minivault_14,
          minmay_misc_feat_columns
D:2:      kennysheep_slug_shrine, nicolae_overflow_crystal_walls,
          yredelemnul_altar_generic, minmay_tall_x, uniq_robin
D:3:      nicolae_overflow_hidden_temple, xom_teletrap_fun
D:4:      first_bread, minmay_misc_feat_diagonals, st_stairs_1,
          uniq_crazy_yiuf_cottage
D:5:      kennysheep_mini_moat
D:6:      lemuel_coloured_pillars_altar, uniq_eustachio
D:7:      fiery_altar_vehumet
D:8:      evilmike_ruin_ashenzari
D:9:      nemelex_altar_shiori, lemuel_crystal_altar, minitemple, erik_orc_2,
          hangedman_pestilent_swarm
Temple:   pf_slimified_temple

Skill      XL: |  1  2  3  4  5  6  7 |
---------------+----------------------+-----
Summonings     | 5 6 7 8 |  8.8
Fighting       | 1 |  1.2
Air Magic      | 1 |  1.1
Dodging        | |  1.7
Stealth        | |  1.7
Spellcasting   | |  2.0

Action                   |  1- 3 |  4- 6 |  7- 9 || total
-------------------------+-------+-------+-------++-------
Melee: Hand axe          |    29 |       |       ||    29
       Quarterstaff      |       |    40 |    28 ||    68
       Kick              |       |    12 |     4 ||    16
       Trident           |       |     2 |       ||     2
 Fire: Hunting sling     |    47 |       |       ||    47
       Blowgun           |    10 |    15 |       ||    25
 Cast: Summon Small Mamm |    52 |       |       ||    52
       Call Canine Famil |     5 |    14 |     5 ||    24
       Call Imp          |       |     6 |     2 ||     8
  Use: Potion            |       |       |     5 ||     5
 Stab: Distracted        |       |     1 |       ||     1
       Petrified         |       |     4 |       ||     4
       Sleeping          |       |     2 |       ||     2
  Eat: Chunk             |     3 |     4 |     1 ||     8
       Fruit             |       |     1 |       ||     1
Armor: Leather armour    |    24 |     8 |     7 ||    39
       Skin              |       |       |    13 ||    13
Dodge: Dodged            |    87 |    36 |    25 ||   148
